Map: Para Site LE

Players

Yocto - Winner!

  • Race: Zerg Zerg
  • League: Platinum
  • Spawn Location: 5:00

asd

  • Race: Zerg Zerg
  • League: Platinum
  • Spawn Location: 11:00

VOD

Have the link to the VOD?

Description

Time

  • Played on: Dec. 22, 2018, 8:26 a.m.
  • Length: 22:42
Show
View Real Time Build Order
Export as new Build Order

Yocto Zerg - Winner!

Build Orders: Hatch First, Muta Ling Bane 

Get SALT Encoding   

  12  0:01  Drone  
  13  0:14  Overlord  
  13  0:17  Drone  
  14  0:35  Drone x2  
  16  0:36  Drone  
  17  0:58  Hatchery  
  17  1:00  Drone  
  17  1:03  Drone  
  18  1:05  Extractor  
  17  1:20  Spawning Pool, Drone  
  17  1:22  Drone  
  18  1:30  Drone  
  19  1:42  Overlord  
  19  1:59  Drone  
  20  2:07  Queen  
  22  2:10  Queen  
  22  2:13  Zergling x6  
  27  2:17  Metabolic Boost  
  27  2:26  Drone x2  
  29  2:39  Drone x2  
  31  2:49  Queen  
  33  2:53  Lair  
  33  2:56  Overlord  
  33  3:08  Zergling x6  
  33  3:11  Overlord  
  36  3:19  Spine Crawler  
  35  3:21  Zergling x4  
  37  3:40  Drone x2  
  35  3:44  Extractor  
  35  3:45  Drone x3  
  35  3:48  Drone  
  38  3:57  Queen  
  38  3:58  Baneling Nest  
  38  3:59  Drone x3  
  42  4:09  Evolution Chamber  
  41  4:11  Drone x2  
  43  4:17  Drone x2  
  43  4:18  Drone x4  
  49  4:28  Spire  
  49  4:30  Drone x2  
  50  4:50  Hatchery  
  49  4:54  Extractor  
  49  4:55  Extractor  
  47  5:13  Drone x3  
  50  5:15  Overlord  
  50  5:16  Overlord x2  
  46  5:31  Zergling x12  
  51  5:38  Zergling x2  
  51  5:41  Zergling x2  
  51  5:42  Zergling x4  
  55  5:45  Baneling x2  
  55  5:53  Zergling x8  
  59  6:00  Baneling x2  
  59  6:02  Drone  
  54  6:21  Drone x5  
  54  6:22  Queen, Drone  
  62  6:35  Drone x4  
  59  6:59  Mutalisk x8  
  59  7:00  Mutalisk x2  
  77  7:08  Overlord x3  
  77  7:13  Overlord  
  77  7:14  Overlord x2  
  77  7:25  Extractor  
  77  7:26  Extractor  
  77  7:29  Mutalisk x2  
  77  7:32  Zergling x4  
  81  7:47  Centrifical Hooks  
  81  8:00  Zergling x6  
  81  8:01  Zergling x14  
  81  8:02  Zergling x2  
  92  8:19  Baneling x4  
  92  8:21  Zergling x6  
  92  8:22  Zergling x14  
  92  8:23  Zergling x4  
  92  8:24  Baneling x2  
  92  8:25  Baneling x7  
  92  8:26  Baneling x3  
  104  8:28  Overlord  
  104  8:34  Zerg Melee Weapons Level 1  
  104  8:37  Mutalisk x2  
  104  8:40  Zergling x2  
  109  8:47  Mutalisk  
  111  8:50  Zergling x12  
  111  8:51  Zergling x2  
  111  8:53  Zergling x2  
  112  9:05  Zergling x2  
  112  9:06  Zergling x8  
  106  9:11  Zergling x8  
  110  9:23  Mutalisk x2  
  110  9:24  Mutalisk x3  
  112  9:26  Baneling  
  112  9:28  Baneling x2  
  120  9:33  Zergling x2  
  120  9:34  Zergling x2  
  120  9:37  Overlord x4  
  122  9:47  Hatchery  
  96  10:02  Zergling x10  
  97  10:11  Zergling x10  
  97  10:12  Zergling x14  
  109  10:17  Zergling x4  
  111  10:25  Zergling x2  
  112  10:28  Zerg Ground Armor Level 1  
  112  10:32  Zergling x2  
  112  10:33  Zergling x2  
  112  10:34  Zergling x2  
  115  10:41  Zergling x2  
  115  10:42  Zergling x2  
  117  10:54  Zergling x14  
  117  10:55  Zergling x6  
  100  11:08  Overseer  
  94  11:18  Zergling x18  
  85  11:45  Drone x4  
  89  11:47  Pneumatized Carapace  
  89  11:51  Drone x2  
  89  11:52  Drone x5  
  96  12:13  Baneling x3  
  96  12:14  Baneling x6  
  96  12:15  Baneling  
  92  12:21  Mutalisk x5  
  76  12:42  Zergling x20  
  86  12:48  Drone x3  
  82  13:18  Mutalisk  
  82  13:19  Mutalisk x5  
  92  13:27  Drone x4  
  98  13:38  Drone x4  
  102  13:46  Spine Crawler  
  102  13:47  Spine Crawler  
  93  13:58  Zergling x2  
  93  13:59  Zergling x12  
  100  14:08  Spore Crawler  
  99  14:14  Extractor  
  98  14:19  Overseer  
  98  14:26  Drone x3  
  101  14:31  Infestation Pit  
  101  14:37  Drone x7  
  101  14:38  Drone x4  
  111  14:47  Baneling  
  111  14:48  Baneling x7  
  111  14:56  Spore Crawler  
  110  15:01  Spine Crawler  
  110  15:03  Spine Crawler  
  110  15:05  Queen  
  110  15:29  Hive  
  110  15:33  Drone x5  
  110  15:34  Drone x7  
  122  15:57  Overseer  
  122  16:07  Spine Crawler  
  122  16:08  Spine Crawler  
  120  16:11  Spine Crawler  
  111  16:38  Corruptor x5  
  111  16:39  Corruptor x4  
  125  17:09  Mutalisk  
  125  17:10  Mutalisk x7  
  125  17:11  Mutalisk x3  
  145  17:24  Zergling x10  
  145  17:25  Zergling x2  
  137  17:50  Mutalisk  
  137  17:51  Mutalisk x4  
  135  17:53  Overlord  
  135  17:54  Overlord x3  
  141  18:08  Zergling x2  
  141  18:09  Zergling x2  
  141  18:10  Overlord x5  
  143  18:17  Extractor  
  142  18:20  Extractor  
  142  18:22  Zergling x4  
  142  18:23  Zergling x4  
  145  18:28  Zergling x4  
  145  18:29  Zergling x4  
  149  18:37  Zerg Melee Weapons Level 2  
  110  18:58  Zergling x18  
  119  19:14  Greater Spire  
  119  19:27  Baneling  
  119  19:28  Baneling x8  
  119  19:31  Zergling x8  
  119  19:32  Zergling x10  
  128  19:38  Hatchery  
  127  19:45  Spine Crawler  
  127  19:47  Spine Crawler  
  127  19:51  Zergling x6  
  127  19:52  Zergling x2  
  129  20:01  Baneling x8  
  129  20:02  Baneling x3  
  119  20:50  Drone x2  
  119  20:51  Queen, Drone x5  
  128  21:05  Brood Lord  
  128  21:06  Brood Lord x4  
  138  21:29  Zergling x14  
  139  21:49  Zergling x14  
  145  22:14  Zergling x16  
  145  22:15  Zergling x8  
Show
View Real Time Build Order
Export as new Build Order

asd Zerg 

Build Orders: Hatch First, Lurkers 

Get SALT Encoding   

  12  0:02  Drone  
  13  0:08  Drone  
  14  0:17  Overlord  
  14  0:35  Drone x2  
  15  0:36  Drone  
  18  0:50  Drone  
  18  0:58  Hatchery  
  18  1:00  Drone  
  18  1:04  Extractor  
  18  1:08  Drone  
  18  1:18  Spawning Pool  
  18  1:21  Drone  
  18  1:30  Drone  
  19  1:39  Overlord  
  19  1:58  Drone  
  20  2:04  Metabolic Boost  
  20  2:06  Zergling x2  
  21  2:10  Queen, Drone  
  21  2:12  Queen  
  26  2:17  Zergling x2  
  27  2:24  Drone  
  28  2:39  Zergling x4  
  30  2:48  Drone x2  
  30  2:50  Zergling x2  
  33  3:02  Drone  
  34  3:08  Evolution Chamber, Drone x2  
  35  3:25  Overlord x2  
  33  3:43  Queen  
  33  3:47  Zerg Melee Weapons Level 1  
  33  3:48  Lair  
  35  3:50  Drone  
  35  3:52  Drone x3  
  35  3:53  Drone  
  40  4:00  Drone x3  
  40  4:01  Overlord x2  
  43  4:11  Hatchery  
  43  4:13  Drone  
  43  4:19  Queen, Baneling Nest  
  43  4:24  Drone x4  
  48  4:39  Extractor  
  48  4:40  Zergling x10  
  52  5:02  Extractor  
  52  5:05  Hydralisk Den, Drone  
  51  5:08  Drone x3  
  50  5:35  Baneling x3  
  50  5:40  Drone x2  
  50  5:41  Queen, Drone  
  55  5:46  Zerg Melee Weapons Level 2  
  55  5:48  Hydralisk  
  57  5:50  Hydralisk  
  57  5:52  Drone x3  
  57  5:53  Drone  
  57  5:55  Drone x3  
  66  5:58  Overlord x5  
  66  6:08  Queen  
  65  6:17  Queen  
  64  6:21  Extractor  
  64  6:22  Zergling x2  
  64  6:23  Zergling x12  
  64  6:24  Zergling x4  
  72  6:44  Queen  
  71  6:52  Queen  
  66  6:57  Drone x3  
  69  7:20  Queen  
  71  7:23  Hydralisk x3  
  71  7:24  Hydralisk x3, Zergling x10  
  71  7:25  Zergling x2  
  71  7:29  Lurker Den  
  88  7:44  Evolution Chamber  
  88  7:46  Evolution Chamber  
  86  7:53  Baneling x6  
  86  7:54  Baneling x4  
  86  7:59  Hydralisk x4  
  86  8:00  Zergling x12, Hydralisk  
  102  8:12  Centrifical Hooks  
  102  8:15  Zerg Missile Weapons Level 1  
  102  8:28  Overlord  
  102  8:30  Muscular Augments  
  102  8:34  Zerg Ground Armor Level 1  
  102  8:39  Drone x2  
  102  8:40  Drone  
  105  8:49  Infestation Pit  
  105  8:51  Zergling x2  
  105  8:52  Zergling x12  
  105  8:53  Zergling x6  
  74  9:10  Hydralisk x2  
  74  9:11  Hydralisk x4  
  74  9:13  Baneling x4  
  86  9:17  Hydralisk  
  86  9:19  Zergling x8  
  93  9:45  Lurker  
  93  9:46  Lurker x2  
  74  10:12  Hydralisk x5, Zergling x4  
  74  10:13  Hydralisk, Zergling x10  
  91  10:39  Baneling x3  
  91  10:40  Baneling x5  
  61  11:14  Hydralisk x4  
  61  11:15  Hydralisk x3  
  62  11:41  Lurker x4  
  66  11:47  Drone  
  66  11:48  Hydralisk  
  66  11:50  Drone  
  70  12:21  Hydralisk x2  
  70  12:22  Hydralisk x2  
  59  12:39  Hydralisk x6  
  71  12:44  Queen  
  71  12:50  Drone  
  73  13:02  Hydralisk  
  73  13:03  Hydralisk x4  
  71  13:13  Hatchery  
  70  13:20  Lurker  
  71  13:37  Hydralisk x3  
  77  14:22  Queen  
  79  14:25  Hatchery  
  79  14:26  Lurker x2  
  80  14:31  Hatchery, Zerg Missile Weapons Level 2  
  79  14:46  Hydralisk x3  
  85  14:58  Queen  
  87  15:17  Lurker x2  
  89  15:34  Queen  
  91  15:42  Overlord  
  91  15:53  Drone  
  91  15:54  Drone  
  91  15:56  Queen, Drone x2  
  97  16:05  Extractor  
  97  16:07  Extractor  
  94  16:32  Queen  
  82  17:46  Hydralisk x4  
  82  17:47  Hydralisk  
  92  17:52  Drone x3  
  95  18:09  Lurker x2  
  95  18:10  Lurker  
  98  18:21  Queen  
  98  18:22  Hydralisk x4, Zergling x2  
  98  18:23  Zergling x6  
  98  18:25  Overlord x2  
  75  18:56  Spore Crawler  
  75  18:57  Spore Crawler  
  75  18:59  Spore Crawler  
  75  19:00  Queen  
  75  19:01  Drone x3  
  75  19:02  Hydralisk x6  
  71  19:03  Hydralisk x3  
  79  19:19  Spore Crawler  
  79  19:20  Spore Crawler  
  79  19:21  Drone  
  79  19:22  Drone x4  
  82  19:40  Spore Crawler  
  82  19:44  Spore Crawler  
  80  19:46  Spore Crawler x2  
  80  19:47  Spore Crawler  
  77  19:58  Hydralisk x2  
  77  19:59  Hydralisk x3  
  87  20:14  Drone  
  72  20:41  Queen  
  74  20:50  Drone x2  
  74  20:55  Zergling x2  
  74  20:56  Zergling x10  
  82  20:58  Overlord, Hatchery  
  82  20:59  Overlord x4  
  81  21:05  Drone  
  82  21:23  Baneling  
  82  21:24  Baneling x2  
  76  21:56  Lurker  
  77  22:02  Lurker, Hatchery  
Tags
 
Add a new tag
Caveats
  • Supply blocks, unpowered buildings, or Contaminate may cause inaccurate times.
  • Supply counts are checked every 10 seconds.